Map: Triton LE

Players

Cuddlebear

  • Race: Terran Terran
  • Spawn Location: 11:00

HateMe - Winner!

  • Race: Zerg Zerg
  • Spawn Location: 5:00

Event: IEM Katowice 2020

VOD

Have the link to the VOD?

Description

Time

  • Played on: Feb. 25, 2020, 10:14 a.m.
  • Length: 15:52

All games in this series

Show
View Real Time Build Order
Export as new Build Order

Cuddlebear Terran 

Build Orders: Liberator Opening, Reaper Expand 

Get SALT Encoding   

  12  0:00  SCV  
  13  0:12  SCV  
  14  0:17  Supply Depot  
  14  0:24  SCV  
  15  0:38  SCV  
  15  0:40  Barracks  
  16  0:45  Refinery  
  16  0:50  SCV  
  17  1:03  SCV  
  18  1:15  SCV  
  19  1:27  Reaper, Orbital Command  
  20  1:39  Command Center  
  20  1:48  Supply Depot  
  20  1:53  SCV  
  21  1:59  Marine  
  22  2:04  Factory  
  22  2:06  SCV  
  23  2:19  SCV  
  23  2:22  Barracks Reactor  
  24  2:31  SCV  
  25  2:37  Command Center  
  25  2:43  SCV  
  26  2:51  Orbital Command  
  26  2:55  SCV  
  31  3:07  SCV  
  31  3:10  Starport  
  31  3:12  Hellion  
  30  3:13  Refinery  
  30  3:14  Hellion  
  30  3:19  SCV  
  33  3:20  SCV  
  34  3:29  Barracks Tech Lab  
  34  3:30  Marine  
  34  3:31  SCV  
  34  3:32  SCV  
  37  3:38  Hellion x2  
  40  3:43  SCV  
  40  3:46  SCV  
  40  3:47  Liberator  
  45  3:49  Orbital Command  
  45  3:54  Barracks Tech Lab  
  45  3:55  SCV  
  45  3:58  SCV  
  45  4:02  Hellion  
  49  4:03  Supply Depot  
  49  4:04  Hellion  
  49  4:09  SCV  
  52  4:12  SCV  
  52  4:16  Stimpack  
  53  4:17  SCV  
  53  4:21  SCV  
  55  4:29  SCV  
  55  4:30  Barracks  
  56  4:33  SCV, Barracks  
  56  4:37  Engineering Bay x2  
  57  4:39  Starport Reactor  
  57  4:40  Supply Depot, Factory Tech Lab  
  57  4:41  SCV  
  57  4:43  SCV  
  59  4:47  Refinery  
  59  4:49  SCV  
  59  4:50  Refinery  
  60  4:53  SCV  
  60  4:55  SCV  
  60  4:56  Supply Depot  
  62  5:00  Marine  
  62  5:01  SCV, Siege Tank  
  62  5:05  SCV  
  68  5:11  Terran Infantry Weapons Level 1  
  68  5:13  SCV  
  69  5:15  SCV  
  69  5:18  Marine  
  69  5:19  Terran Infantry Armor Level 1  
  69  5:20  SCV, Marine  
  71  5:30  SCV  
  71  5:31  Marine  
  73  5:36  Siege Tank  
  73  5:38  Barracks  
  73  5:39  Marine  
  73  5:40  SCV, Starport Reactor, Barracks, Supply Depot  
  73  5:41  Supply Depot  
  73  5:42  Marine  
  80  5:44  Marine  
  80  5:46  Marine  
  80  5:47  Orbital Command  
  80  5:48  SCV  
  82  5:52  SCV  
  82  5:54  Marine  
  84  5:57  Marine  
  84  6:01  Marine  
  84  6:02  SCV  
  87  6:04  SCV  
  87  6:05  Supply Depot  
  87  6:08  Siege Tank  
  87  6:09  Supply Depot, Marine x2  
  87  6:10  Combat Shield  
  90  6:13  Armory, Supply Depot  
  90  6:14  SCV  
  91  6:22  Marine  
  91  6:23  Medivac, Marine x2  
  91  6:24  Medivac  
  96  6:26  SCV  
  96  6:27  SCV  
  96  6:28  Marine  
  96  6:29  Barracks Reactor  
  99  6:33  SCV, Barracks Reactor  
  99  6:37  Marine  
  99  6:38  SCV  
  99  6:39  SCV  
  103  6:41  Marine x2  
  103  6:43  Supply Depot  
  103  6:44  Siege Tank  
  103  6:45  SCV  
  109  6:50  SCV  
  109  6:51  SCV  
  109  6:53  Supply Depot  
  111  6:54  Supply Depot, Marine  
  111  6:57  SCV, Marine  
  111  6:58  Medivac  
  116  7:02  SCV, Marine  
  116  7:03  SCV  
  116  7:07  Marine x2  
  121  7:12  Marine  
  121  7:14  SCV, Medivac, Marine  
  127  7:18  Barracks x2  
  127  7:19  Supply Depot  
  127  7:20  Barracks  
  126  7:26  Marine x3  
  126  7:27  Siege Tank  
  132  7:30  Marine  
  132  7:31  Marine  
  132  7:35  Marine  
  132  7:36  Supply Depot, Marine x2  
  137  7:38  Refinery  
  137  7:41  SCV x2  
  137  7:43  Marine  
  138  7:44  Marine  
  138  7:47  Marine x3  
  138  7:48  Medivac  
  138  7:49  Marine  
  137  7:52  Marine  
  137  7:54  Marine x2  
  140  7:59  Medivac  
  140  8:00  Marine  
  140  8:01  SCV  
  140  8:02  SCV  
  140  8:03  SCV  
  146  8:08  Terran Infantry Weapons Level 2  
  146  8:18  Medivac  
  146  8:20  Orbital Command  
  146  8:23  Marine x4  
  146  8:24  Marine  
  150  8:30  Marine  
  150  8:35  Marine  
  150  8:38  Terran Infantry Armor Level 2  
  150  8:41  Marine  
  152  8:46  Marine  
  135  9:00  Marine x5, Siege Tank  
  135  9:01  Medivac x2, Marine  
  139  9:04  Supply Depot  
  139  9:06  Marine  
  139  9:11  Marine x3  
  142  9:21  Marine  
  142  9:22  Marine  
  144  9:24  Marine x2  
  144  9:26  Marine  
  144  9:27  Supply Depot, Marine x3  
  144  9:28  Supply Depot  
  147  9:34  Supply Depot  
  147  9:36  Marine  
  147  9:38  Marine  
  141  9:40  Marine  
  141  9:42  Marine  
  141  9:43  Medivac x2, Marine, Siege Tank  
  144  9:49  Command Center  
  144  9:50  SCV  
  138  9:56  Marine  
  138  9:57  SCV x2  
  138  10:00  Marine  
  138  10:02  Marine x2  
  138  10:03  Marine  
  138  10:06  Marine  
  143  10:07  Marine  
  143  10:09  Marine  
  143  10:13  Medivac  
  147  10:14  Marine  
  147  10:15  Siege Tank  
  147  10:17  Refinery  
  147  10:19  Medivac  
  147  10:20  Terran Vehicle Weapons Level 1, Marine  
  154  10:22  Marine  
  154  10:25  Marine  
  156  10:34  Marine  
  157  10:36  Marine  
  157  10:37  Sensor Tower  
  157  10:40  Marine  
  157  10:42  Marine  
  160  10:43  Marine  
  160  10:44  Factory  
  160  10:45  Terran Infantry Weapons Level 3  
  160  10:48  Barracks Tech Lab  
  161  10:54  Marine  
  161  10:55  Marine x4  
  161  10:56  Siege Tank  
  169  10:59  Marine  
  169  11:02  Marine  
  171  11:05  Marine  
  171  11:10  Marine  
  173  11:13  Marine  
  174  11:20  Marine x2  
  174  11:25  Marine  
  177  11:30  Supply Depot  
  177  11:31  Supply Depot x2  
  154  11:46  Marine x4  
  152  11:47  Medivac x2, Marine, Siege Tank  
  152  11:50  Planetary Fortress  
  152  11:51  Factory  
  152  11:53  Marine  
  161  11:58  Terran Infantry Armor Level 3  
  161  12:00  Marauder, Marine x2  
  159  12:11  Marauder, Marine  
  159  12:12  SCV, Factory Tech Lab  
  159  12:15  SCV x2  
  162  12:19  Marine, Siege Tank  
  156  12:24  Marauder, Marine  
  156  12:26  Marine  
  156  12:28  Marine  
  156  12:29  SCV  
  159  12:30  SCV x3  
  159  12:33  Marauder, Marine  
  159  12:37  Marine  
  161  12:41  SCV  
  161  12:42  SCV  
  154  12:46  Marauder  
  154  12:47  Marine x2  
  124  12:52  Marine  
  124  12:54  Marauder  
  124  12:56  Marine x2  
  124  12:58  Marine  
  116  13:02  Marine  
  116  13:05  Marine  
  109  13:07  Marauder, Siege Tank  
  109  13:09  Marine  
  109  13:10  Marine  
  103  13:14  Marine x2  
  103  13:15  Marauder  
  103  13:19  Marine  
  105  13:21  Marine  
  105  13:25  Marine x4  
  110  13:28  Orbital Command  
  110  13:29  Marauder  
  110  13:31  Marine  
  110  13:32  Siege Tank  
  116  13:39  Marine x2  
  118  13:42  Siege Tank  
  118  13:47  Marine  
  122  13:51  Marine  
  122  13:52  Marine x3  
  125  14:04  Marine, Siege Tank  
  125  14:05  Marine  
  129  14:11  Marine  
  129  14:12  Orbital Command  
  129  14:13  Marine  
  113  14:27  Marine  
  113  14:29  Marine  
  108  14:32  Marine  
  108  14:36  Siege Tank x2  
  108  14:37  Medivac x2  
  119  14:39  Marine  
  120  14:46  SCV x2  
  120  14:47  Marine  
  120  14:48  Refinery, Marine  
  120  14:49  Marine  
  125  15:00  Marine x2  
  125  15:02  Supply Depot, Marine  
  125  15:03  Supply Depot  
  125  15:05  Marine  
  129  15:08  Siege Tank x2  
  135  15:17  Marine  
  135  15:20  Missile Turret  
  136  15:25  Missile Turret  
Show
View Real Time Build Order
Export as new Build Order

HateMe Zerg - Winner!

Build Orders: Hatch First 

Get SALT Encoding   

  12  0:00  Drone  
  13  0:12  Overlord  
  13  0:16  Drone  
  14  0:30  Drone x2  
  16  0:48  Hatchery  
  15  0:50  Drone  
  15  0:54  Drone  
  15  0:57  Drone  
  18  1:08  Extractor  
  17  1:13  Spawning Pool  
  17  1:15  Drone  
  17  1:19  Drone  
  18  1:27  Drone  
  19  1:38  Drone  
  20  1:49  Overlord  
  20  2:00  Queen x2  
  20  2:01  Zergling x4  
  26  2:11  Drone x2, Metabolic Boost  
  28  2:21  Drone x2  
  30  2:32  Drone  
  30  2:33  Overlord  
  30  2:36  Queen  
  33  2:50  Hatchery  
  32  2:55  Pneumatized Carapace  
  32  2:58  Drone  
  33  2:59  Drone  
  33  3:04  Drone x2  
  36  3:09  Overlord  
  36  3:12  Drone  
  37  3:17  Queen  
  39  3:22  Extractor  
  39  3:24  Drone x2  
  40  3:29  Drone  
  42  3:35  Drone x2  
  42  3:36  Drone  
  42  3:38  Drone, Baneling Nest  
  45  3:47  Drone x2  
  47  3:52  Overlord  
  47  3:55  Queen  
  49  3:58  Drone x3  
  49  4:00  Overlord  
  49  4:02  Drone x2  
  54  4:05  Drone  
  54  4:08  Queen  
  57  4:10  Drone  
  57  4:14  Zergling x4  
  57  4:16  Overlord  
  60  4:19  Zergling x2  
  60  4:23  Zergling x4  
  63  4:25  Zergling x2  
  63  4:26  Evolution Chamber  
  63  4:31  Zergling x6  
  65  4:34  Overlord  
  65  4:36  Drone  
  67  4:40  Drone  
  67  4:42  Evolution Chamber, Drone  
  67  4:45  Drone  
  69  4:52  Zerg Ground Armor Level 1  
  69  4:54  Drone x7  
  76  5:00  Overlord  
  76  5:03  Drone  
  76  5:05  Drone  
  78  5:17  Zerg Melee Weapons Level 1  
  78  5:19  Drone  
  78  5:20  Drone x4  
  81  5:25  Drone x2  
  78  5:29  Drone x4  
  81  5:38  Overlord  
  81  5:41  Spore Crawler, Drone  
  81  5:45  Extractor x3  
  81  5:48  Drone x3, Extractor  
  81  5:49  Extractor  
  79  5:50  Zergling x2, Queen  
  79  5:53  Zergling x4  
  79  5:54  Baneling  
  84  6:01  Zergling x2  
  85  6:06  Zergling x10  
  88  6:13  Zergling x2  
  88  6:19  Zergling x10  
  88  6:22  Lair  
  90  6:27  Zergling x4  
  90  6:32  Queen x2  
  92  6:36  Zergling x14  
  103  6:43  Baneling x10  
  103  6:46  Overlord x2  
  103  6:47  Overlord  
  103  6:52  Overlord x2  
  103  6:55  Hatchery  
  103  6:59  Overlord x3  
  102  7:07  Drone x6  
  108  7:11  Zergling x2  
  108  7:12  Zergling x4  
  108  7:13  Baneling  
  108  7:14  Baneling x3  
  111  7:20  Zerg Ground Armor Level 2, Zerg Melee Weapons Level 2, Centrifical Hooks  
  112  7:23  Zergling x10  
  115  7:31  Hatchery  
  115  7:32  Zergling x12  
  115  7:35  Zergling x2  
  115  7:36  Zergling x4  
  121  7:45  Zergling x2  
  121  7:46  Zergling x10  
  121  7:51  Zergling x2  
  122  7:57  Zergling x4  
  123  8:05  Overlord  
  122  8:08  Zergling x14, Hydralisk Den  
  128  8:15  Zergling x8  
  130  8:21  Zergling x2  
  130  8:25  Zergling x4  
  133  8:29  Baneling x9  
  133  8:30  Zergling x12  
  137  8:34  Zergling x4  
  137  8:39  Zergling x8  
  141  8:44  Baneling  
  141  8:45  Baneling x7  
  140  8:52  Zergling x6  
  122  8:57  Zergling x10  
  122  9:01  Muscular Augments  
  120  9:07  Hydralisk x7  
  129  9:12  Hatchery, Baneling x8  
  129  9:13  Hydralisk x2  
  132  9:19  Hydralisk  
  132  9:20  Hydralisk  
  136  9:30  Hydralisk x7  
  143  9:38  Zergling x4  
  143  9:39  Zergling x6  
  143  9:44  Hydralisk x3  
  154  9:51  Hydralisk x2  
  152  9:57  Hydralisk x3  
  158  10:01  Zerg Missile Weapons Level 1  
  158  10:05  Zergling x6  
  161  10:12  Baneling x4  
  157  10:23  Overlord x2  
  157  10:25  Grooved Spines  
  157  10:27  Drone  
  157  10:28  Drone x5  
  163  10:38  Overlord  
  163  10:39  Overlord  
  163  10:41  Overseer  
  163  10:43  Zergling x16  
  163  10:44  Zergling x2  
  163  10:49  Zergling x8  
  176  10:52  Baneling  
  176  10:53  Baneling x3  
  176  11:02  Zergling x18  
  185  11:05  Infestation Pit  
  184  11:11  Zergling x2  
  185  11:21  Zergling x2  
  185  11:22  Zergling x14  
  185  11:24  Hatchery  
  189  11:28  Zergling x10  
  191  11:37  Zergling x10  
  183  11:43  Zergling x8  
  175  11:49  Hive  
  175  11:51  Zergling x2  
  175  11:52  Zergling x6  
  178  11:55  Zerg Missile Weapons Level 2  
  178  11:57  Zergling x2  
  174  12:06  Zergling x14  
  168  12:31  Zergling x38  
  169  12:48  Zergling x16  
  159  12:54  Zergling x10  
  159  12:57  Hatchery  
  158  13:00  Zergling x8  
  158  13:02  Zergling x2  
  143  13:05  Zergling x2  
  143  13:06  Zergling x2  
  143  13:07  Zergling x4  
  143  13:09  Zergling x2  
  143  13:11  Zergling x2  
  132  13:15  Zergling x4  
  132  13:18  Adrenal Glands  
  128  13:21  Baneling  
  128  13:22  Baneling x5  
  128  13:25  Zergling x12  
  128  13:27  Baneling x3  
  134  13:33  Zergling x8  
  138  13:41  Viper x2  
  138  13:42  Viper  
  138  13:48  Baneling x6  
  147  13:49  Baneling  
  147  13:50  Viper  
  150  14:06  Zergling x2  
  150  14:07  Zergling x16  
  150  14:17  Zergling x12  
  150  14:18  Zergling x6  
  157  14:30  Drone x5  
  159  14:34  Baneling  
  159  14:35  Baneling x7  
  159  14:38  Zergling x2  
  159  14:39  Zergling x4  
  159  14:44  Zergling x4  
  159  14:45  Zergling x8  
  168  14:54  Hydralisk x4  
  173  15:06  Zergling x18  
  182  15:10  Baneling  
  182  15:11  Overseer, Baneling x12  
  182  15:13  Zergling x6  
  183  15:15  Zergling x2  
  183  15:17  Zergling x6  
  183  15:20  Zergling x2  
  183  15:21  Zergling x4  

Tags
 
Add a new tag
Caveats
  • Supply blocks, unpowered buildings, or Contaminate may cause inaccurate times.
  • Supply counts are checked every 10 seconds.